 Dungeon Crawl Stone Soup version 0.28-a0-616-gdeb3d7f7b4 (webtiles) character file.

Game seed: 13190702909299194782

161 KristoblXynda the Slasher (level 5, -1/45 HPs)
             Began as a Draconian Gladiator on Oct 6, 2021.
             Slain by a gnoll (8 damage)
             ... on level 3 of the Dungeon.
             The game lasted 00:02:31 (2408 turns).

KristoblXynda the Slasher (Draconian Gladiator)     Turns: 2408, Time: 00:02:32

Health: -1/45      AC:  9    Str: 16    XL:     5   Next: 19%
Magic:  5/5        EV: 13    Int:  9    God:
Gold:   73         SH:  0    Dex: 13    Spells: 4/4 levels left

rFire   . . .      SeeInvis .   a - +0 long sword
rCold   . . .      Faith    .   (no shield)
rNeg    . . .      Spirit   .   (armour unavailable)
rPois   .          Reflect  .   b - +0 hat
rElec   .          Harm     .   d - +2 cloak {rCorr}
rCorr   +          Rampage  .   (no gloves)
Will    .....                   h - +0 pair of boots
Stlth   +.........              (no amulet)
HPRegen 0.15/turn               (no ring)
MPRegen 0.09/turn               (no ring)

@: no status effects
A: AC +5, unfitting armour, cold-blooded
a: no special abilities


You were on level 3 of the Dungeon.
You visited 1 branch of the dungeon, and saw 3 of its levels.

You collected 123 gold pieces.
You spent 50 gold pieces at shops.

Inventory:

Hand Weapons
 a - a +0 long sword (weapon)
Missiles
 c - 3 throwing nets (quivered)
Armour
 b - a +0 hat (worn)
 d - a +2 cloak of preservation (worn)
 h - a +0 pair of boots (worn)
Jewellery
 f - a ring of resist corrosion
Scrolls
 g - 2 scrolls of teleportation {unknown}
 k - a scroll of immolation {unknown}
Potions
 e - a potion of heal wounds {unknown}
 j - a potion of cancellation {unknown}


   Skills:
 + Level 3.4 Fighting
 * Level 4.6 Long Blades
 - Level 2.0 Throwing
 + Level 3.5 Dodging


You had 4 spell levels left.
You didn't know any spells.
Your spell library contained the following spells:

 Spells                   Type           Power      Damage    Failure   Level
 Sandblast                Erth           0%         2d4       38%         1
 Passwall                 Tmut/Erth      0%         N/A       52%         2
 Slow                     Hex            0%         N/A       52%         2
 Confusing Touch          Hex            0%         N/A       77%         3
 Stone Arrow              Conj/Erth      0%         3d7       77%         3
 Yara's Violent Unravell  Hex/Tmut       0%         3d3       100%        5


Dungeon Overview and Level Annotations

Branches:
Dungeon (3/15)

Altars:

Shops:
D:2 =*?

Annotations:
D:3 Jessica


Innate Abilities, Weirdness & Mutations

Your plain brown scales are hard. (AC +5)
You cannot fit into any form of body armour.
You are cold-blooded and may be slowed by cold attacks.


Message History

The gnoll is severely wounded.
The gnoll closely misses you. The gnoll hits you with a +0 club.
Jessica closely misses you. The gnoll barely misses you. The gnoll misses you.
The gnoll hits you with a +0 club.
You slash the gnoll!
You kill the gnoll!
Jessica hits you but does no damage. The gnoll barely misses you. x2
Jessica hits you but does no damage.
You barely miss Jessica. The gnoll hits you with a +0 club.
The gnoll closely misses you. Jessica hits you with a +0 club.
You are too injured to fight recklessly!
You are too injured to fight recklessly!
You are too injured to fight recklessly!
You are too injured to fight recklessly!
Unknown command.
Jessica gestures wildly while chanting.
Jessica seems to speed up.
You slash the gnoll!
The gnoll is heavily wounded.
The gnoll hits you but does no damage. The gnoll misses you.
Jessica casts a spell.
Jessica blinks!
The gnoll closely misses you.
You slash the gnoll!
You kill the gnoll!
The gnoll hits you from afar with a +0 halberd.
Okay, then.
Jessica casts a spell.
Jessica blinks!
The gnoll hits you from afar with a +0 halberd!
* * * LOW HITPOINT WARNING * * *
Jessica mumbles some strange words.
Jessica blinks!
Jessica hits you with a +0 club.
* * * LOW HITPOINT WARNING * * *
You barely miss Jessica. You tail-slap Jessica.
Jessica is moderately wounded.
Jessica casts a spell.
Jessica blinks!
The gnoll hits you from afar with a +0 halberd!
You die...

#.# #.# ... #.# .. #†# ..
##.## .. ###...####### # #.
#...........# #.##.
#.#..†#####.# #..). #.##.##
#@# #. #.##.# #§# ### #.
#.##.######g####.##########.
#.##.......@..g....§.....)..
#...........####.###########
############# ###


You could see a gnoll (strong) and Jessica (fast).

Vanquished Creatures
  Crazy Yiuf (D:2)
  Terence (D:2)
  3 adders (D:2)
  2 gnolls (D:3)
  2 dart slugs (D:3)
  3 orcs (D:3)
  5 bats
  2 endoplasms (D:1)
  2 giant cockroaches (D:1)
  4 goblins
  8 hobgoblins
  4 jackals (D:3)
  3 kobolds (D:2)
  2 quokkas
  5 ball pythons
  A frilled lizard (D:3)
  A rat (D:1)
49 creatures vanquished.

Notes
Turn   | Place    | Note
-------+----------+-------------------------------------------
     0 | D:1      | KristoblXynda the Draconian Gladiator began the quest for
                  | the Orb.
     0 | D:1      | Reached XP level 1. HP: 17/17 MP: 1/1
   229 | D:1      | Reached XP level 2. HP: 23/25 MP: 2/2
   859 | D:2      | Reached XP level 3. HP: 13/30 MP: 3/3
  1303 | D:2      | Found Xoeceph's Jewellery Shop.
  1360 | D:2      | Found a runed translucent door.
  1361 | D:2      | Noticed Crazy Yiuf
  1401 | D:2      | Found Taoqipso's Magic Scroll Shop.
  1413 | D:2      | Noticed Terence
  1424 | D:2      | Killed Terence
  1425 | D:2      | Reached XP level 4. HP: 24/38 MP: 4/4
  1443 | D:2      | Reached skill level 4 in Long Blades
  1598 | D:2      | Found Sygupt's General Store.
  1626 | D:2      | Bought a potion of curing for 30 gold pieces
  1626 | D:2      | Bought a scroll of identify for 20 gold pieces
  1863 | D:2      | Killed Crazy Yiuf
  2284 | D:3      | Reached XP level 5. HP: 41/45 MP: 5/5
  2378 | D:3      | Noticed Jessica
  2408 | D:3      | Slain by a gnoll

Illustrated notes

Levels and vault maps discovered:
D:1:      dpeg_arrival_pits, layout_loops_ring
D:2:      layout_rooms, serial_shops, shop, nicolae_shop_trees,
          nicolae_shop_statue_plus, kennysheep_generic_room_4, uniq_terence,
          uniq_crazy_yiuf_cottage
D:3:      layout_loops_ring, uniq_jessica

Skill      XL: |  1  2  3  4 |
---------------+-------------+-----
Throwing       | 2 |  2.0
Dodging        | 3 |  3.5
Fighting       | 3 |  3.4
Long Blades    | 4 |  4.6

Action                   |  1- 3 |  4- 6 || total
-------------------------+-------+-------++-------
Melee: Long sword        |    70 |    79 ||   149
       Tailslap          |     8 |     5 ||    13
Throw: Throwing net      |       |     1 ||     1
  Use: Potion            |       |     3 ||     3
       Scroll            |       |     1 ||     1
 Stab: Sleeping          |     1 |       ||     1
       Held in net/web   |       |     1 ||     1
Armor: Skin              |    28 |    31 ||    59
Dodge: Dodged            |    51 |    52 ||   103

Table legend: (Time is in decaauts)
 A = Elapsed time spent in this place.
 B = Non-inter-level travel time spent in this place.
 C = Inter-level travel time spent in this place.
 D = Time resting spent in this place.
 E = Time spent auto-exploring this place.
 F = Levels seen in this place.
 G = Mean time per level.
                   A        B        C        D        E       F      G
               +--------+--------+--------+--------+--------+-----+--------+
         Total |   2421 |   2377 |     44 |    494 |   1494 |   3 |  807.0 |
       Dungeon |   2421 |   2377 |     44 |    494 |   1494 |   3 |  807.0 |
               +--------+--------+--------+--------+--------+-----+--------+

Top non-repeatable levels by time:
     D:2: 1278 daAuts
     D:1: 851 daAuts
     D:3: 291 daAuts
